 Dungeon Crawl Stone Soup version 0.13.0-6-g40e4d2d (webtiles) character file.

169827 Leibowitz the Imperceptible (level 18, -20/110 HPs)
             Began as a Kobold Wanderer on Oct 14, 2013.
             Was the Champion of Okawaru.
             Demolished by a stone giant (36 damage)
             ... on Level 16 of the Dungeon on Oct 15, 2013.
             The game lasted 03:35:09 (42664 turns).

Leibowitz the Imperceptible (Kobold Wanderer)      Turns: 42664, Time: 03:35:09

HP -20/110       AC 12     Str 17      XL: 18   Next: 24%
MP  27/27        EV 43     Int  8      God: Okawaru [******]
Gold 2663        SH 22     Dex 22      Spells:  1 memorised, 16 levels left

Res.Fire  : . . .   See Invis. : .   a - +7,+5 sabre of Skiocri {slice, +Fly rElec}
Res.Cold  : . . .   Warding    : .   A - +1 leather armour {rPois}
Life Prot.: . . .   Conserve   : .   t - +1 buckler
Res.Poison: +       Res.Corr.  : .   (helmet restricted)
Res.Elec. : +       Clarity    : .   U - +3 cloak of Flash {+Fly EV+4}
Sust.Abil.: . .     Spirit.Shd : .   P - +1 pair of gauntlets {Dex+3}
Res.Mut.  : .       Stasis     : .   n - +0 pair of boots
Res.Rott. : .       Flight     : .   y - amulet of faith
Saprovore : + + .                    d - +5,+5 ring of slaying
                                     O - +2 ring of evasion

@: about to teleport, heroism, somewhat resistant to hostile enchantments,
uncannily stealthy
A: disease resistance, antennae 2, blurry vision 1, carnivore 3, fast metabolism
1, saprovore 2
a: Heroism, Finesse, Renounce Religion, Evoke Flight
}: 1/15 runes: barnacled


You were on level 16 of the Dungeon.
You worshipped Okawaru.
Okawaru was exalted by your worship.
You were not hungry.

You visited 7 branches of the dungeon, and saw 37 of its levels.
You also visited: Volcano.

You collected 3105 gold pieces.
You spent 492 gold pieces at shops.

Inventory:

Hand weapons
 a - the +7,+5 sabre of Skiocri (weapon) {slice, +Fly rElec}
   (Okawaru gifted it to you on level 1 of the Shoals)

   It inflicts extra damage upon your enemies.
   It insulates you from electricity.
   It lets you fly.
 b - a +0 blowgun
 f - the +13,+7 dagger of Inquiry (quivered) {stab, Int+3}
   (Okawaru gifted it to you on level 16 of the Dungeon)

   It inflicts extra damage upon your enemies.
   It affects your intelligence (+3).
 o - a +8,+4 quick blade
 z - the +5,+5 short sword of True Grit {antimagic, rPois Str+1}
   (Okawaru gifted it to you on level 1 of the Lair of Beasts)

   It disrupts the flow of magical energy around spellcasters and certain
   magical creatures (including the wielder).
   It affects your strength (+1).
   It protects you from poison.
 Z - the +8,+2 quick blade of Doubt {drain, Str+1 Dex+2 Int+3 SInv Curse}
   (Okawaru gifted it to you on level 5 of the Shoals)

   A truly terrible weapon, it drains the life of those it strikes.
   It affects your strength (+1).
   It affects your intelligence (+3).
   It affects your dexterity (+2).
   It enhances your eyesight.
   It may recurse itself.
Missiles
 r - 10 curare-tipped needles
Armour
 n - a +0 pair of boots (worn)
 t - a +1 buckler (worn)
 A - a +1 leather armour of poison resistance (worn)
 P - a +1 pair of gauntlets of dexterity (worn)
 U - the +3 cloak of Flash (worn) {+Fly EV+4}
   (Okawaru gifted it to you on level 12 of the Dungeon)

   It affects your evasion (+4).
   It lets you fly.
Magical devices
 c - a wand of fire (2)
 h - a wand of invisibility (0)
 i - a wand of paralysis (10)
 s - a wand of heal wounds (1)
 E - a wand of digging (7)
 F - a wand of cold (4)
 H - a wand of confusion (12)
 N - a wand of polymorph (8)
Comestibles
 u - 4 meat rations
 S - a honeycomb
Scrolls
 m - 3 scrolls of fear
 p - 2 scrolls of fog
 q - 7 scrolls of identify
 D - 9 scrolls of remove curse
 J - 5 scrolls of magic mapping
 Q - 2 scrolls of summoning
 T - 3 scrolls of teleportation
 X - 2 scrolls of vulnerability
Jewellery
 d - a +5,+5 ring of slaying (right hand)
 g - an uncursed ring of protection from cold
 l - an uncursed ring of poison resistance
 y - an amulet of faith (around neck)
 I - an uncursed amulet of stasis
 K - the amulet "Toasei" {rMut +Blink rElec rF- rC+}
   (You acquired it on level 7 of the Lair of Beasts)

   [amulet of resist mutation]

   It makes you vulnerable to fire.
   It protects you from cold.
   It insulates you from electricity.
   It lets you blink.
 O - a +2 ring of evasion (left hand)
 W - an uncursed ring of see invisible
Potions
 e - a potion of heal wounds
 j - 13 potions of curing
 v - a potion of speed
 w - 5 potions of agility
 B - 3 potions of brilliance
 C - 3 potions of berserk rage
 V - 4 potions of restore abilities


   Skills:
 * Level 13.4(18.4) Fighting
 + Level 13.3(18.3) Short Blades
   Level 1.0(6.0) Maces & Flails
 - Level 1.3(6.3) Throwing
 * Level 19.6(24.6) Dodging
 * Level 21.5(26.5) Stealth
 + Level 10.1(15.1) Shields
 + Level 2.4 Invocations
 + Level 6.2 Evocations


You had 16 spell levels left.
You knew the following spells:

 Your Spells              Type           Power        Failure   Level  Hunger
a - Confusing Touch       Hex            #.........   43%         1    ##.....


Dungeon Overview and Level Annotations

Branches:
Dungeon (16/27)            Temple (1/1) D:4             Orc (4/4) D:10
    Elf (0/3) Orc:4          Lair (8/8) D:12         Shoals (5/5) Lair:4
  Snake (2/5) Lair:5        Slime (1/6) Lair:7
 Vaults: D:15-20

Altars:
Ashenzari
Cheibriados
Elyvilon
Fedhas
Kikubaaqudgha
Makhleb
Nemelex Xobeh
Okawaru
Sif Muna
Trog
Vehumet
Xom
Yredelemnul
Zin
the Shining One
Beogh
Jiyva

Shops:
D:6 [   D:7 [   D:8 !   D:9 }   D:11 }   D:14 /   Orc:3 }   Orc:4 ?([[

Annotations:
D:5 Duvessa
D:9 exclusion: oklob sapling
Snake:2 Lamia


Innate Abilities, Weirdness & Mutations

You recuperate from illness quickly.
You are small and have problems with some larger weapons.
You are carnivorous and can eat meat at any time.
You can eat rotten meat.
You have a pair of antennae on your head.
Your vision is a little blurry.
You have a fast metabolism.


Message History

The rakshasa flickers and vanishes!
Deactivating autopickup; reactivate with Ctrl-A.
It completely misses you. It misses you.
You puncture the stone giant!
The stone giant is severely wounded.
The stone giant hits you.
You hit the stone giant.
The stone giant is severely wounded.
It completely misses you. It misses you.
You puncture the stone giant!
The stone giant is almost dead.
The stone giant hits you!
* * * LOW HITPOINT WARNING * * *
You hit the stone giant but do no damage.
The stone giant is almost dead.
It picks up a wand of random effects.
It misses you. It closely misses you.
You hit the stone giant but do no damage.
The stone giant is almost dead.
The stone giant hits you!
You die...

. ..# #.##? ..# ##
#... ..## .# #...
##..## .. ## ...
#....###.. ...# #.###
###...#...
.....##...#
#........#
#....C#######..#...##
#..$@(.#.#.#..###...#
#..##....#...## ##...
.... #.......## ##..
#### ######### ###


You could see a stone giant.

Vanquished Creatures
  Nikola (D:14)
  A kraken (Shoals:3)
  A shadow dragon (D:16)
  Rupert (Lair:4)
  Ilsuiw (Shoals:5)
  Donald (Snake:2)
  Gastronok (Orc:1)
  The ghost of HungrySpirit the Unseen, a powerful SpEn of Okawaru (Shoals:1)
  4 merfolk javelineers (Shoals:5)
  Snorg (Shoals:3)
  2 merfolk impalers (Shoals:5)
  3 sirens
  A dragon (D:16)
  A merfolk aquamancer (Shoals:5)
  Fannar (Shoals:1)
  A yaktaur captain (D:16)
  Harold (D:13)
  Josephine (D:10)
  2 anacondas (Snake:1)
  6 hydras
  Erica (Lair:1)
  An ogre mage (Volcano)
  A rakshasa (D:16)
  10 death yaks (Lair:7)
  3 naga warriors (Snake:1)
  Urug (D:16)
  2 fire crabs (Shoals:3)
  Nergalle (D:16)
  2 centaur warriors
  A wizard (D:13)
  6 sea snakes
  2 unseen horrors
  5 large abominations (D:13)
  A human (D:10)
  2 orc knights
  Pikel (D:5)
  8 hill giants
  8 cyclopes
  A giant amoeba (shapeshifter) (D:16)
  30 harpies
  An oklob plant (Shoals:5)
  A red wasp (D:16)
  15 slime creatures
  A griffon (Lair:7)
  8 elephants
  10 black mambas
  8 spiny frogs
  17 mermaids
  A yaktaur (D:13)
  An item mimic (D:16)
  4 naga magi
  12 spriggans (Lair:8)
  2 fire drakes
  Grinder (D:6)
  7 two-headed ogres
  2 giant fireflies (Lair:8)
  7 komodo dragons
  A polar bear (Lair:6)
  6 blink frogs
  Prince Ribbit (Lair:3)
  2 wandering mushrooms (D:9)
  6 trolls
  A dragon zombie (D:13)
  A boulder beetle (Lair:5)
  18 snapping turtles
  6 grizzly bears (Lair:8)
  A tarantella (Lair:7)
  4 wyverns
  A slime creature (shapeshifter) (D:16)
  2 basilisks
  A trapdoor spider (D:14)
  5 redbacks
  15 hippogriffs
  A wraith (D:12)
  33 yaks
  An elephant slug (Lair:8)
  A shadow (D:16)
  2 sharks
  A steam dragon (D:12)
  Grum (D:9)
  31 wolves
  14 ugly things
  3 hill giant skeletons
  6 vampire mosquitoes
  47 merfolk
  Edmund (D:6)
  Menkaure (D:5)
  13 manticores
  2 soldier ants
  32 nagas
  13 porcupines
  3 slaves (D:5)
  33 orc warriors
  A yellow wasp (D:16)
  3 ice beasts
  7 small abominations (D:13)
  3 giant goldfish
  13 ogres
  A phantom (D:8)
  8 black bears
  7 sky beasts
  25 centaurs
  A blink frog skeleton (D:13)
  Sigmund (D:7)
  4 wargs
  A brain worm (D:16)
  A big kobold (D:14)
  17 crocodiles
  4 giant slugs
  A komodo dragon zombie (D:13)
  A yaktaur zombie (D:15)
  3 cyclops zombies
  A gnoll sergeant (D:5)
  19 water moccasins
  A wyvern zombie (D:10)
  12 giant frogs
  8 agate snails
  A cyclops skeleton (D:12)
  2 eyes of draining
  A yak zombie (D:13)
  4 killer bees (D:8)
  A fire bat (Shoals:3)
  2 yak skeletons
  3 jellyfish (D:8)
  16 wights
  4 goliath beetles
  2 lava fish (Shoals:3)
  3 electric eels
  Dowan (D:5)
  9 crimson imps
  A gnoll shaman (D:5)
  4 jellies
  A manticore simulacrum (D:10)
  A giant frog zombie (D:9)
  8 hounds
  20 orc priests
  A soldier ant zombie (D:11)
  A basilisk zombie (D:12)
  4 scorpions
  A centaur skeleton (D:10)
  A quasit (D:11)
  11 iguanas
  13 orc wizards
  7 worker ants
  8 sheep (Shoals:1)
  A killer bee zombie (D:12)
  2 big kobold zombies
  A mottled dragon zombie (D:14)
  A big kobold skeleton (D:15)
  An ogre skeleton (D:10)
  6 boggarts (D:16)
  Terence (D:3)
  A hound zombie (D:8)
  A hound skeleton (D:10)
  37 gnolls (D:5)
  28 adders
  2 giant centipedes
  74 green rats
  2 giant mites
  5 worms
  A goliath beetle zombie (D:5)
  An adder zombie (D:10)
  A giant eyeball (D:14)
  11 giant geckos
  121 orcs
  A ball python (Snake:2)
  30 bats
  16 hobgoblins
  34 jackals
  9 quokkas
  3 giant cockroaches
  A giant cockroach zombie (D:4)
  A giant gecko skeleton (D:4)
  4 giant newts
  2 giant spores (D:16)
  20 goblins
  2 hobgoblin skeletons (D:5)
  19 kobolds
  An orc zombie (D:10)
  17 rats
  15 ballistomycetes
  2 butterflies (D:14)
  2 fungi (Lair:7)
  4 plants
1282 creatures vanquished.

Vanquished Creatures (collateral kills)
  2 jackals (Lair:3)
2 creatures vanquished.

Vanquished Creatures (others)
  A harpy (Shoals:5)
  A spiny frog (Lair:7)
  2 ugly things (D:14)
  A slave (D:5)
  A bat (Shoals:4)
  2 giant spores
  3 fungi (Lair:7)
  A plant (Lair:7)
  9 tentacles (Shoals:5)
  177 tentacle segments (Shoals:5)
198 creatures vanquished.

Grand Total: 1482 creatures vanquished

Notes
Turn   | Place    | Note
--------------------------------------------------------------
     0 | D:1      | Leibowitz, the Kobold Wanderer, began the quest for the Orb.
     0 | D:1      | Reached XP level 1. HP: 11/11 MP: 1/1
   219 | D:1      | Reached XP level 2. HP: 16/16 MP: 2/2
   332 | D:1      | Reached skill level 1 in Stealth
   765 | D:2      | Reached XP level 3. HP: 21/21 MP: 3/3
  1141 | D:2      | Reached skill level 6 in Fighting
  1141 | D:2      | Reached XP level 4. HP: 15/27 MP: 4/4
  2006 | D:3      | Reached skill level 7 in Fighting
  2006 | D:3      | Reached skill level 5 in Short Blades
  2006 | D:3      | Reached skill level 8 in Stealth
  2006 | D:3      | Reached XP level 5. HP: 27/32 MP: 2/9
  2124 | D:3      | Noticed Terence
  2158 | D:3      | Killed Terence
  2194 | D:3      | Reached XP level 6. HP: 33/37 MP: 10/10
  2989 | D:4      | Found a staircase to the Ecumenical Temple.
  2998 | Temple   | Entered the Ecumenical Temple
  3066 | Temple   | Became a worshipper of Warmaster Okawaru
  3540 | D:4      | Found a snail-covered altar of Cheibriados.
  3957 | D:4      | Reached XP level 7. HP: 42/42 MP: 12/12
  4151 | D:4      | Reached skill level 9 in Stealth
  4151 | D:4      | Reached skill level 5 in Evocations
  4199 | D:4      | Acquired Okawaru's first power
  4462 | D:5      | Entered Level 5 of the Dungeon
  4881 | D:5      | Noticed Menkaure
  4893 | D:5      | Killed Menkaure
  4893 | D:5      | Reached XP level 8. HP: 45/48 MP: 11/14
  5129 | D:5      | Noticed Pikel
  5154 | D:5      | Killed Pikel
  5154 | D:5      | Reached skill level 10 in Stealth
  5297 | D:5      | Reached XP level 9. HP: 52/52 MP: 16/16
  5566 | D:5      | Noticed Duvessa
  5566 | D:5      | Noticed Dowan
  5603 | D:5      | Killed Dowan
  6585 | D:6      | Reached skill level 10 in Dodging
  6619 | D:6      | Found Deoj's Antique Armour Boutique.
  6628 | D:6      | Bought a buckler for 52 gold pieces
  6628 | D:6      | Bought a heavily runed leather armour for 147 gold pieces
  6641 | D:6      | Identified the +3 leather armour of Miracles {Str+2 Dex-2} (You bought it in a shop on level 6 of the Dungeon)
  6692 | D:6      | Reached skill level 11 in Stealth
  6821 | D:6      | Noticed Grinder
  6822 | D:6      | Noticed Edmund
  6835 | D:6      | Killed Grinder
  6859 | D:6      | Killed Edmund
  7110 | D:6      | Reached XP level 10. HP: 57/59 MP: 18/18
  7352 | D:7      | Found a blossoming altar of Fedhas.
  7506 | D:7      | Noticed Sigmund
  7524 | D:7      | Killed Sigmund
  7527 | D:7      | Acquired Okawaru's second power
  7839 | D:7      | Found Riuni's Antique Armour Boutique.
  7846 | D:7      | Bought an embroidered cloak for 35 gold pieces
  8461 | D:8      | Found Vacinn's Distillery.
  8465 | D:8      | Bought a potion of curing for 22 gold pieces
  8465 | D:8      | Bought a potion of heal wounds for 33 gold pieces
  8465 | D:8      | Bought a potion of heal wounds for 33 gold pieces
  8585 | D:8      | Reached skill level 12 in Stealth
  9901 | D:8      | Found a roughly hewn altar of Beogh.
 10120 | D:9      | Reached skill level 13 in Stealth
 10474 | D:9      | Found Zepav's Gadget Boutique.
 10580 | D:9      | Found a shattered altar of Ashenzari.
 10581 | D:9      | Found a white marble altar of Elyvilon.
 10807 | D:9      | Noticed Grum
 10810 | D:9      | Reached XP level 11. HP: 64/64 MP: 19/19
 10849 | D:9      | Killed Grum
 11303 | D:9      | Found a blossoming altar of Fedhas.
 11394 | D:10     | Entered Level 10 of the Dungeon
 11406 | D:9      | Received a gift from Okawaru
 11607 | D:10     | Paralysed by a potion of paralysis for 7 turns
 11649 | D:10     | Noticed Josephine
 11706 | D:10     | Noticed a hill giant
 11754 | D:10     | Killed a hill giant
 11889 | D:10     | Noticed a hill giant
 11901 | D:10     | Reached skill level 14 in Stealth
 11907 | D:10     | Killed a hill giant
 11907 | D:10     | Received a gift from Okawaru
 11926 | D:10     | Found a staircase to the Orcish Mines.
 11957 | D:10     | Noticed a human
 11972 | D:10     | Killed a human
 12647 | D:10     | Noticed a hill giant
 12662 | D:10     | Killed a hill giant
 12741 | D:11     | Noticed a hill giant
 12742 | D:11     | Killed a hill giant
 12761 | D:11     | Noticed a cyclops
 13065 | D:11     | Killed a cyclops
 13074 | D:11     | Reached XP level 12. HP: 57/69 MP: 20/20
 13469 | D:11     | Found Fyugyo's Gadget Shoppe.
 13723 | D:12     | Found a staircase to the Lair.
 13844 | Lair:1   | Entered Level 1 of the Lair of Beasts
 13953 | Lair:1   | Received a gift from Okawaru
 13956 | Lair:1   | Got a shimmering short sword {god gift}
 13957 | Lair:1   | Identified the short sword of True Grit {god gift, antimagic, rPois Str+1} (Okawaru gifted it to you on level 1 of the Lair of Beasts)
 14100 | Lair:1   | Reached skill level 5 in Shields
 14274 | Lair:1   | Noticed Erica
 14293 | Lair:1   | Killed Erica
 14293 | Lair:1   | Reached skill level 15 in Stealth
 14563 | Lair:1   | Reached skill level 10 in Short Blades
 16013 | Lair:3   | Noticed Prince Ribbit
 16020 | Lair:3   | Killed Prince Ribbit
 16027 | Lair:3   | Received a gift from Okawaru
 16035 | Lair:3   | Got a pitted dagger {god gift}
 16036 | Lair:3   | Identified the dagger of Grandeur {god gift, flame, rN+} (Okawaru gifted it to you on level 3 of the Lair of Beasts)
 16417 | Lair:4   | Noticed Rupert
 16425 | Lair:4   | Killed Rupert
 16425 | Lair:4   | Reached skill level 16 in Stealth
 16425 | Lair:4   | Reached XP level 13. HP: 75/75 MP: 19/22
 16475 | Lair:4   | Found a staircase to the Shoals.
 16658 | Lair:4   | Received a gift from Okawaru
 16662 | Lair:4   | Got a steaming sabre {god gift}
 16663 | Lair:4   | Identified the sabre of Rubbish {god gift, slice, Hunger rF+} (Okawaru gifted it to you on level 4 of the Lair of Beasts)
 17435 | Lair:5   | Found a staircase to the Snake Pit.
 17611 | Lair:5   | Gained mutation: You have a fast metabolism. [potion of mutation]
 17611 | Lair:5   | Gained mutation: Your vision is a little blurry. [potion of mutation]
 17611 | Lair:5   | Gained mutation: You have a pair of small antennae on your head. [potion of mutation]
 18036 | Lair:5   | Received a gift from Okawaru
 18039 | Lair:5   | Got a pair of brightly glowing boots {god gift}
 18043 | Lair:5   | Identified the -5 pair of boots of the Shore {Str-5 Dam-1} (Okawaru gifted it to you on level 5 of the Lair of Beasts)
 18912 | Lair:6   | Reached skill level 17 in Stealth
 19265 | Lair:6   | Reached skill level 10 in Fighting
 19807 | Lair:7   | HP: 5/114 [yak (10)]
 19811 | Lair:7   | Reached XP level 14. HP: 5/82 MP: 23/23
 20148 | Lair:7   | Received a gift from Okawaru
 20613 | Lair:7   | Found a staircase to the Slime Pits.
 20615 | Lair:7   | Found a viscous altar of Jiyva.
 20666 | Lair:7   | Identified a scroll of acquirement
 20667 | Lair:7   | Got a glittering emerald amulet
 20668 | Lair:7   | Identified the amulet "Toasei" {rMut +Blink rElec rF- rC+} (You acquired it on level 7 of the Lair of Beasts)
 20807 | Lair:7   | Reached skill level 18 in Stealth
 21125 | Lair:8   | Entered Level 8 of the Lair of Beasts
 21406 | Lair:8   | Gained mutation: You have a pair of antennae on your head. [potion of beneficial mutation]
 21567 | Lair:8   | Reached skill level 15 in Dodging
 21830 | Lair:8   | Received a gift from Okawaru
 22671 | Slime:1  | Entered Level 1 of the Pits of Slime
 22859 | Shoals:1 | Entered Level 1 of the Shoals
 22963 | Snake:1  | Entered Level 1 of the Snake Pit
 23013 | Snake:1  | Reached XP level 15. HP: 32/88 MP: 24/24
 23327 | D:12     | Received a gift from Okawaru
 23495 | D:12     | Learned a level 1 spell: Confusing Touch
 23834 | Orc:1    | Entered Level 1 of the Orcish Mines
 23942 | D:8      | Bought a potion of heal wounds for 33 gold pieces
 23942 | D:8      | Bought a potion of heal wounds for 33 gold pieces
 23942 | D:8      | Bought a potion of heal wounds for 33 gold pieces
 24105 | Orc:1    | Noticed Gastronok
 24110 | Orc:1    | Killed Gastronok
 24655 | Orc:2    | Found a dark tunnel.
 24673 | Volcano  | Entered a volcano
 25426 | Orc:3    | Found Pniav's Gadget Shop.
 25688 | Orc:4    | Entered Level 4 of the Orcish Mines
 25744 | Orc:4    | Found a staircase to the Elven Halls.
 26290 | Orc:4    | Reached skill level 19 in Stealth
 26459 | Orc:4    | Found Smiugiah's Antique Weapon Emporium.
 26459 | Orc:4    | Found Oleqetiteu's Armour Shop.
 26466 | Orc:4    | Found Wasufux's Armour Boutique.
 26468 | Orc:4    | Found Sauluf's Magic Scroll Shoppe.
 27166 | Shoals:1 | Received a gift from Okawaru
 27178 | Shoals:1 | Got an ancient sabre {god gift}
 27179 | Shoals:1 | Identified the sabre of Skiocri {god gift, slice, +Fly rElec} (Okawaru gifted it to you on level 1 of the Shoals)
 27467 | Shoals:1 | Noticed Fannar
 27481 | Shoals:1 | Killed Fannar
 28146 | Shoals:2 | Received a gift from Okawaru
 28281 | Shoals:1 | Noticed HungrySpirit's ghost (powerful SpEn)
 28399 | Shoals:1 | Killed HungrySpirit's ghost
 29043 | Shoals:3 | Reached XP level 16. HP: 78/96 MP: 25/25
 30282 | Shoals:3 | Noticed Snorg
 30315 | Shoals:3 | Killed Snorg
 30522 | Shoals:3 | Noticed a kraken
 30532 | Shoals:3 | Killed a kraken
 30681 | Shoals:4 | Received a gift from Okawaru
 31448 | Shoals:5 | Entered Level 5 of the Shoals
 32199 | Shoals:5 | Got a shimmering granite ring
 32202 | Shoals:5 | Identified the ring of Hayssiul {Ice rElec} (You found it on level 5 of the Shoals)
 32538 | Shoals:5 | Noticed Ilsuiw
 32547 | Shoals:5 | Killed Ilsuiw
 32558 | Shoals:5 | Received a gift from Okawaru
 32598 | Shoals:5 | Got a slimy quick blade {god gift}
 32607 | Shoals:5 | Identified the quick blade of Doubt {god gift, drain, Str+1 Dex+2 Int+3 SInv Curse} (Okawaru gifted it to you on level 5 of the Shoals)
 33062 | Shoals:5 | Reached XP level 17. HP: 102/102 MP: 26/26
 33075 | Shoals:5 | Reached skill level 20 in Stealth
 33115 | Shoals:5 | Received a gift from Okawaru
 33208 | Shoals:5 | Got a bloodstained leather armour {god gift}
 33231 | Shoals:5 | Identified the -5 leather armour of Impressiveness {Acc+3 Dam+2} (Okawaru gifted it to you on level 5 of the Shoals)
 33256 | Shoals:5 | Noticed a kraken
 33267 | Shoals:5 | Got a barnacled rune of Zot
 33868 | Snake:1  | Found a basalt altar of Yredelemnul.
 36281 | D:10     | Killed Josephine
 37327 | Orc:4    | Bought a scroll of enchant weapon II for 71 gold pieces
 37740 | D:13     | Noticed Harold
 38002 | D:13     | Received a gift from Okawaru
 38025 | D:13     | Got a pitted sabre {god gift}
 38026 | D:13     | Identified the sabre "Beastslayer" {god gift, drain, *Rage +Blink rF+ MR+} (Okawaru gifted it to you on level 13 of the Dungeon)
 38587 | D:13     | Killed Harold
 39266 | Snake:2  | Noticed Donald
 39317 | Snake:2  | Killed Donald
 39317 | Snake:2  | Reached skill level 10 in Shields
 39668 | Snake:2  | Noticed Lamia
 39956 | D:14     | Entered Level 14 of the Dungeon
 40198 | D:14     | Found a white marble altar of Elyvilon.
 40252 | D:14     | Noticed Nikola
 40275 | D:14     | Received a gift from Okawaru
 40298 | D:14     | Killed Nikola
 40343 | D:14     | Got a heavily runed shield {god gift}
 40352 | D:14     | Identified the +3 shield "Ghoikas" {rC+} (Okawaru gifted it to you on level 14 of the Dungeon)
 40784 | D:14     | Found Anwes' Magical Wand Boutique.
 40898 | D:15     | Entered Level 15 of the Dungeon
 41016 | D:15     | Found a glowing silver altar of Zin.
 41343 | D:15     | Reached skill level 21 in Stealth
 41805 | D:16     | Reached XP level 18. HP: 109/109 MP: 27/27
 41811 | D:16     | Noticed Nergalle
 41814 | D:16     | Killed Nergalle
 41866 | D:16     | Noticed Urug
 41869 | D:16     | Killed Urug
 42468 | D:16     | Received a gift from Okawaru
 42559 | D:16     | Got a fine dagger {god gift}
 42560 | D:16     | Identified the dagger of Inquiry {god gift, stab, Int+3} (Okawaru gifted it to you on level 16 of the Dungeon)
 42664 | D:16     | Demolished by a stone giant

Action                   |  1- 3 |  4- 6 |  7- 9 | 10-12 | 13-15 | 16-18 || total
-------------------------+-------+-------+-------+-------+-------+-------++-------
Melee: Short sword       |    99 |   174 |   362 |   307 |       |       ||   942
       Dagger            |       |       |       |   368 |  1556 |   705 ||  2629
       Sabre             |       |       |       |   336 |    24 |   689 ||  1049
       Quick blade       |       |       |       |       |       |   518 ||   518
 Fire: Blowgun           |       |    10 |     9 |     4 |       |       ||    23
Throw: Dagger            |       |       |       |       |       |     1 ||     1
Invok: Heroism           |       |       |     3 |     6 |     3 |    15 ||    27
 Abil: Evoke Flight      |       |       |       |       |     3 |    14 ||    17
Evoke: Wand              |       |     1 |     5 |    10 |     8 |    24 ||    48
  Use: Potion            |     1 |     6 |     8 |     5 |     9 |     9 ||    38
       Scroll            |       |     8 |     6 |     7 |     8 |    11 ||    40
 Stab: Sleeping          |       |     8 |     9 |    75 |   122 |    76 ||   290
       Paralysed         |       |     1 |       |     1 |       |       ||     2
       Distracted        |       |       |     3 |     3 |     4 |    17 ||    27
       Confused          |       |       |       |     1 |       |       ||     1
       Invisible         |       |       |       |       |    10 |    14 ||    24
       Fleeing           |       |       |       |       |     1 |       ||     1
